[Event "*** Titled Tuesday Blitz"]
[Site "Chess.com"]
[Date "2018.09.04"]
[Round "5"]
[White "joejan"]
[Black "Manukyan_Artak"]
[Result "1-0"]
[WhiteElo "2227"]
[BlackElo "2296"]
[TimeControl "180+2"]
[EndTime "14:37:51 PDT"]
[Termination "joejan won by resignation"]

1. e4 c6 2. d4 d5 3. exd5 cxd5 4. Bd3 Nc6 5. c3 Nf6 6. Bf4 Bg4 7. Qb3 Qb6 8. Nd2 e6 9. h3 Bh5 10. Ngf3 Be7 11.
Ne5 O-O 12. O-O Nxe5 13. Bxe5 Qxb3 14. axb3 Bg6 15. Bxg6 hxg6 16. Rfe1 a6 17. Bxf6 gxf6 18. b4 Rad8 19. Nb3 Rd7 20. Nc5 Bxc5 21. bxc5 Rc8 22.
b4 Re7 23. f4 Kf8 24. Kf2 Ke8 25. b5 axb5 26. Rab1 Ra8 27. Rxb5 Ra2+ 28. Re2 Rxe2+ 29. Kxe2 e5 30. fxe5 fxe5 31. dxe5 Rxe5+ 32. Kd3 Re7 33. Kd4 Rd7 34. Rb6 Ke7 35. g4 f5 36. Rxg6 fxg4 37. Rg7+ Ke6 38. Rxd7 Kxd7 39. hxg4 Ke6 40. g5 Kf5 41. Kxd5 Kxg5 42. c6 bxc6+ 43. Kxc6 Kf6 44. c4 Ke7 45. Kc7 1-0

[Event "*** Titled Tuesday Blitz"]
[Site "Chess.com"]
[Date "2018.09.04"]
[Round "5"]
[White "Mikhail_Golubev"]
[Black "Sethu0025"]
[Result "0-1"]
[WhiteElo "2426"]
[BlackElo "2689"]
[TimeControl "180+2"]
[EndTime "14:38:08 PDT"]
[Termination "Sethu0025 won by resignation"]

1. e4 d6 2. d4 g6 3. c4 Bg7 4.
Nc3 Nf6 5. Nf3 O-O 6. Be2 e5 7.
O-O Na6 8. Be3 Ng4 9. Bg5 Qe8 10. h3 Nf6 11. dxe5 dxe5 12. Qc1 c6 13. Be3 Qe7 14.
a3 Nc5 15. Qc2 Nh5 16. Rfd1 Ne6 17. Qd2 Rd8 18. Qc2 Nd4 19. Bxd4 exd4 20. Na4 Nf4 21. Bf1 c5 22. Rab1 Bd7 23. b4 d3 24. Qb3 Bxa4 25.
Qxa4 Qxe4 26. bxc5 Ne2+ 27. Bxe2 dxe2 28. Rdc1 Bc3 29.
Rxc3 Qxb1+ 0-1

[Event "*** Titled Tuesday Blitz"]
[Site "Chess.com"]
[Date "2018.09.04"]
[Round "5"]
[White "Fighter008"]
[Black "Schachmalanders"]
[Result "1-0"]
[WhiteElo "2442"]
[BlackElo "2359"]
[TimeControl "180+2"]
[EndTime "14:38:11 PDT"]
[Termination "Fighter008 won by checkmate"]

1. Nf3 d5 2. g3 e6 3. Bg2 c6 4. O-O f5 5. d3 Nf6 6. Nbd2 Bd6 7. Qe1 e5 8. e4 fxe4 9. dxe4 d4 10. Nc4 Qe7 11. Nxd6+ Qxd6 12. c3 c5 13. Bd2 Nc6 14. cxd4 cxd4 15. Qe2 Be6 16. b3 O-O 17. Ne1 Rac8 18. Nd3 a5 19. f4 Nd7 20. f5 Bf7 21. Rac1 b6 22. g4 Nb4 23. Nxb4 axb4 24. g5 Ra8 25. Qb5 Rfc8 26. Bxb4 Nc5 27. Rf2 d3 28. f6 Qd4 29. fxg7 Rxa2 30. Rf1 Rca8 31. Bxc5 bxc5 32. Qb7 R2a7 33. Qc6 Bxb3 34. Kh1 Kxg7 35. Qh6+ Kg8 36. Rf8+ Rxf8 37. Rxf8# 1-0

[Event "*** Titled Tuesday Blitz"]
[Site "Chess.com"]
[Date "2018.09.04"]
[Round "5"]
[White "biostatistician"]
[Black "OglazaOskar2005"]
[Result "1-0"]
[WhiteElo "2478"]
[BlackElo "2302"]
[TimeControl "180+2"]
[EndTime "14:38:20 PDT"]
[Termination "biostatistician won by resignation"]

1. d4 Nf6 2. Nf3 g6 3. c4 Bg7 4. Nc3 d5 5. cxd5 Nxd5 6. e4 Nxc3 7. bxc3 c5 8. Be3 O-O 9. Be2 Bg4 10. O-O cxd4 11.
cxd4 Nc6 12. d5 Nb4 13. Rb1 Nxa2 14. Rxb7 Nc3 15. Qd3 Nxe2+ 16. Qxe2 e6 17. dxe6 Bxe6 18.
Rxa7 Rxa7 19. Bxa7 Qc7 20. Bd4 Bc4 21. Qc2 Rc8 22. Rc1 Bxd4 23. Nxd4 Qb7 24. Qb1 Qxb1 25. Rxb1 Bd3 26. Re1 Bxe4 27. f3 Bd5 28. Kf2 Rc4 29. Ke3 f5 30. h4 Kg7 31. Ra1 f4+ 32. Kd3 Rc7 33. Ra5 Bc4+ 34. Kd2 Bf1 35. Ne6+ 1-0

[Event "*** Titled Tuesday Blitz"]
[Site "Chess.com"]
[Date "2018.09.04"]
[Round "5"]
[White "Gareth-Bale11"]
[Black "MaxLeto"]
[Result "1-0"]
[WhiteElo "2616"]
[BlackElo "2379"]
[TimeControl "180+2"]
[EndTime "14:38:28 PDT"]
[Termination "Gareth-Bale11 won by checkmate"]

1. e4 h5 2. d4 h4 3. h3 c6 4.
d5 e6 5. Nc3 Nf6 6. d6 Qa5 7.
Nf3 Nxe4 8. Qd4 Nxd6 9. Bf4 Nf5 10. Qd2 Bb4 11. Bd3 d5 12. Bxf5 exf5 13. O-O Be6 14.
Rfe1 Na6 15. a3 Bxc3 16. bxc3 O-O-O 17. Nd4 Nc5 18. f3 Rde8 19. Bh2 Bd7 20. Qf4 Qxc3 21.
Qc7# 1-0

[Event "*** Titled Tuesday Blitz"]
[Site "Chess.com"]
[Date "2018.09.04"]
[Round "5"]
[White "GMBenjaminBok"]
[Black "JozefKneht"]
[Result "1-0"]
[WhiteElo "2656"]
[BlackElo "2486"]
[TimeControl "180+2"]
[EndTime "14:38:33 PDT"]
[Termination "GMBenjaminBok won by resignation"]

1. c4 e6 2. Nc3 d5 3. d4 Nf6 4.
cxd5 exd5 5. Bg5 Be7 6. e3 O-O 7. Bd3 Nbd7 8. Nf3 Re8 9. O-O c6 10. Rb1 a5 11. Qc2 Nf8 12. a3 Ne4 13. Bxe7 Qxe7 14.
b4 Ng6 15. Bxe4 dxe4 16. Nd2 f5 17. b5 Be6 18. bxc6 bxc6 19. Na4 Qxa3 20. Nc5 Qa2 21. Rb2 Qd5 22. Rb7 Qd6 23. Rfb1 Bd5 24. Nc4 Qf6 25. g3 a4 26. Nb6 Rad8 27. Ra7 Qg5 28. Nxd5 cxd5 29.
Rbb7 Re7 30. Rxe7 Nxe7 31. Ne6 1-0

[Event "*** Titled Tuesday Blitz"]
[Site "Chess.com"]
[Date "2018.09.04"]
[Round "5"]
[White "LuisFSiles"]
[Black "northridgehawk"]
[Result "0-1"]
[WhiteElo "2176"]
[BlackElo "2128"]
[TimeControl "180+2"]
[EndTime "14:38:42 PDT"]
[Termination "northridgehawk won by resignation"]

1. e4 e5 2. Nf3 Nc6 3. Bc4 Nf6 4. d3 Bc5 5. O-O d6 6. a4 a6 7. Nc3 O-O 8. Bg5 h6 9. Bh4 Be6 10. Nd5 Bxd5 11. Bxd5 g5 12. Bg3 Nxd5 13. exd5 Ne7 14. c4 Nf5 15. Qd2 f6 16. b4 Ba7 17. Kh1 h5 18. h4 g4 19. Ne1 Bd4 20. Rb1 b6 21. Nc2 Kg7 22. Ne3 Bxe3 23. fxe3 Nxg3+ 24. Kg1 Nxf1 25. Rxf1 f5 0-1

[Event "*** Titled Tuesday Blitz"]
[Site "Chess.com"]
[Date "2018.09.04"]
[Round "5"]
[White "Nakachuk"]
[Black "JammyDodger91"]
[Result "0-1"]
[WhiteElo "2674"]
[BlackElo "2421"]
[TimeControl "180+2"]
[EndTime "14:38:45 PDT"]
[Termination "JammyDodger91 won by resignation"]

1. Nf3 d5 2. g3 Nf6 3. Bg2 c6 4. O-O Bf5 5. d3 e6 6. c4 Be7 7. Nc3 h6 8. cxd5 exd5 9. Nd4 Bh7 10. e4 dxe4 11. dxe4 Nbd7 12. Nf5 Bxf5 13. exf5 O-O 14. Be3 Bc5 15. Bf4 Nb6 16. Qc2 Re8 17. Rad1 Qe7 18. a3 Rad8 19. b4 Bd4 20. Rd3 Bxc3 21. Rxc3 Nbd5 22. Rc4 Nxf4 23. Rxf4 Qe5 24. h4 h5 25. Rb1 Rd6 26. Rc4 Red8 27. Rc5 Qe7 28. Bf3 Rd2 29. Qc1 Qd6 30. Kg2 Qd4 31. Qe1 Re8 32. Qf1 Ng4 33. Bxg4 hxg4 34. Rbc1 Ree2 0-1

[Event "*** Titled Tuesday Blitz"]
[Site "Chess.com"]
[Date "2018.09.04"]
[Round "5"]
[White "GeorgMeier"]
[Black "Samuray111"]
[Result "0-1"]
[WhiteElo "2807"]
[BlackElo "2612"]
[TimeControl "180+2"]
[EndTime "14:38:50 PDT"]
[Termination "Samuray111 won by resignation"]

1. Nf3 Nf6 2. g3 g6 3. Bg2 Bg7 4. d4 d6 5. O-O O-O 6. b3 e5 7. dxe5 Ng4 8. Bg5 Qe8 9. Nc3 Nxe5 10. Nd5 Qd7 11. Nf6+ Bxf6 12. Bxf6 Nxf3+ 13. exf3 Qf5 14. Bb2 Nc6 15. Re1 Bd7 16. Qd2 Rfe8 17. Qc3 f6 18.
Qxf6 Qxf6 19. Bxf6 Nb4 20. f4 Nxc2 21. Rxe8+ Rxe8 22. Rc1 Re1+ 23. Rxe1 Nxe1 24. Bxb7 Kf7 25. Bd8 c6 26. Kf1 Nd3 27. a3 Nc5 28. Ba8 Nxb3 29.
Ke2 Ke6 30. g4 Kd5 31. f3 Nd4+ 32. Kf2 Ne6 33. Bg5 Nxg5 34. fxg5 Kc5 35. h4 Kb6 36. Ke3 Kc7 37. Ke4 Kb8 38. h5 Kxa8 0-1

[Event "*** Titled Tuesday Blitz"]
[Site "Chess.com"]
[Date "2018.09.04"]
[Round "5"]
[White "Msb2"]
[Black "ENEASZ"]
[Result "1-0"]
[WhiteElo "2847"]
[BlackElo "2547"]
[TimeControl "180+2"]
[EndTime "14:38:52 PDT"]
[Termination "Msb2 won on time"]

1. d4 d5 2. c4 e6 3. Nf3 Nf6 4. g3 Be7 5. Bg2 O-O 6. O-O dxc4 7. Qc2 a6 8. a4 Bd7 9. Rd1 Bc6 10. Nc3 a5 11. e4 Na6 12. Ne5 Nb4 13. Qe2 Nd3 14.
Nxc4 Nxc1 15. Raxc1 b6 16. d5 exd5 17. exd5 Bd7 18.
d6 Bxd6 19. Nxd6 cxd6 20. Bxa8 Qxa8 21. Rxd6 Re8 22. Qd3 Bh3 23. f3 Ng4 24. Qd5 Qxd5 25. Rxd5 Ne3 26. Re1 Kf8 27. Rd3 Nc4 28. Rxe8+ Kxe8 29. b3 Bf5 30. Rd5 1-0

[Event "*** Titled Tuesday Blitz"]
[Site "Chess.com"]
[Date "2018.09.04"]
[Round "5"]
[White "BilodeauA"]
[Black "Haykos"]
[Result "1-0"]
[WhiteElo "2776"]
[BlackElo "2545"]
[TimeControl "180+2"]
[EndTime "14:38:57 PDT"]
[Termination "BilodeauA won by resignation"]

1. e4 e5 2. Nf3 Nc6 3. Bb5 a6 4. Ba4 Nge7 5. c3 g6 6. O-O Bg7 7. d4 exd4 8. cxd4 b5 9. Bc2 O-O 10. d5 Na5 11. Bd2 c5 12. Bc3 d6 13. Bxg7 Kxg7 14. Nbd2 c4 15. b4 cxb3 16. axb3 Nb7 17. b4 a5 18. Nb3 Bg4 19. Qd4+ f6 20. Ng5 a4 21. Nd2 Rc8 22. Bd3 Qd7 23. h3 h6 24.
hxg4 hxg5 25. Qb6 Rb8 26. Bxb5 Qxg4 27. Qc7 Nd8 1-0

[Event "*** Titled Tuesday Blitz"]
[Site "Chess.com"]
[Date "2018.09.04"]
[Round "5"]
[White "Bryakin_Mikhail"]
[Black "A-Fier"]
[Result "0-1"]
[WhiteElo "2535"]
[BlackElo "2756"]
[TimeControl "180+2"]
[EndTime "14:38:59 PDT"]
[Termination "A-Fier won by resignation"]

1. d4 Nf6 2. c4 c5 3. d5 e6 4. Nc3 exd5 5. cxd5 d6 6. g3 g6 7. Bg2 Bg7 8. Nf3 O-O 9. O-O Re8 10.
Bf4 Bf5 11. h3 Ne4 12. Nxe4 Bxe4 13. Nd2 Bxg2 14. Kxg2 Bxb2 15. Rb1 Be5 16. Rxb7 Bxf4 17. gxf4 Nd7 18. Nc4 Nb6 19. Nxb6 axb6 20. Qb3 Re4 21. Qxb6 Qf6 22. e3 Rxa2 23. Rb8+ Kg7 24. Qd8 Qxd8 25.
Rxd8 Rxe3 26. Rxd6 Rd3 27. Rc1 Rdd2 28. Rxc5 Rxf2+ 29. Kg3 Rg2+ 30. Kf3 Raf2+ 31. Ke3 Ra2 32. Rc7 Rg3+ 33. Kd4 Ra4+ 34. Rc4 Rxc4+ 35. Kxc4 Rxh3 36. Kd4 Rf3 37. Ke4 Rf1 38. Rd8 Kf6 39. Rd7 h5 40. Ke3 h4 41. Rd8 Kg7 42. d6 h3 43. d7 Rd1 44.
Ra8 Rxd7 45. Ra2 Rd8 46. Rh2 Rh8 47. Kf3 Kf6 48. Kg4 Rh7 49. Kg3 Kf5 50. Kf3 Rh4 51.
Kg3 Rxf4 52. Rxh3 Ra4 53. Rh8 Ra3+ 54. Kf2 Kg4 55. Rb8 f5 56. Rb4+ f4 57. Kf1 0-1

[Event "*** Titled Tuesday Blitz"]
[Site "Chess.com"]
[Date "2018.09.04"]
[Round "5"]
[White "maziarbagheri"]
[Black "Kimster98"]
[Result "1/2-1/2"]
[WhiteElo "2316"]
[BlackElo "2474"]
[TimeControl "180+2"]
[EndTime "14:39:01 PDT"]
[Termination "Game drawn by agreement"]

1. Nf3 d6 2. c4 e5 3. Nc3 f5 4. d4 e4 5. Nd2 Nf6 6. e3 c6 7. b4 Be6 8. Rb1 Nbd7 9. Be2 Be7 10. c5 d5 11. a4 b6 12. Nb3 O-O 13. g3 g5 14. h4 h6 15. hxg5 hxg5 16. a5 b5 17. Kd2 a6 18. Kc2 g4 19. Bf1 Kg7 20. Ne2 Rh8 21.
Rxh8 Qxh8 22. Nf4 Bf7 23. Bd2 Nf8 24. Nc1 Ne6 25. Nce2 Nxf4 26. Nxf4 Nh5 27. Bg2 Nxf4 28. exf4 Qh6 29. Qh1 Qf6 30. Be3 Rh8 31. Qg1 Kg8 32. Rd1 Bf8 33. Kc3 Bg7 34. Qf1 Kf8 35. Qe2 Bh5 36.
Rg1 Rh6 37. Qf1 Ke7 38. Rh1 Qg6 39. Rh2 Qh7 40. Qh1 Kd7 41. Rh4 Bf6 42. Rh2 Ke6 43. Bf1 Kf7 44. Bg2 Kg6 45. Bf1 Kg7 46. Bg2 Qh8 47. Bf1 Kg6 48. Be2 Kg7 49. Bf1 Rh7 50. Be2 Qe8 51. Bf1 Qf7 52. Be2 Qg6 53. Qg2 Rh6 54. Qg1 Qh7 55. Qg2 Kf7 56. Qh1 Kg7 57. Bf1 Bg6 58. Rxh6 Qxh6 59. Qxh6+ Kxh6 60. Be2 Kh5 61. Bf1 Bf7 62. Be2 Be6 63. Bf1 Bd7 64. Be2 Be6 65. Bf1 Kg6 1/2-1/2

[Event "*** Titled Tuesday Blitz"]
[Site "Chess.com"]
[Date "2018.09.04"]
[Round "5"]
[White "Polish_fighter3000"]
[Black "yosephtaher"]
[Result "1-0"]
[WhiteElo "2912"]
[BlackElo "2718"]
[TimeControl "180+2"]
[EndTime "14:39:02 PDT"]
[Termination "Polish_fighter3000 won by resignation"]

1. d4 d5 2. c4 dxc4 3. Nf3 Nf6 4.
e3 e6 5. Bxc4 c5 6. O-O a6 7.
Nc3 b5 8. Bb3 Bb7 9. e4 cxd4 10.
Nxd4 Nc6 11. Be3 Nxd4 12. Bxd4 Be7 13. f3 O-O 14. a4 bxa4 15. Nxa4 Bc6 16. Bc4 Bb5 17.
b3 Bxc4 18. bxc4 Rc8 19. c5 Nd7 20. Rc1 Rc6 21. Rc4 Qc7 22. Qc2 Rc8 23. Rc1 Bg5 24.
Rb1 Be7 25. Kh1 Bf8 26. h3 Qf4 27. Rb7 Bd6 28. e5 Nxe5 29. Bxe5 Qxe5 30. cxd6 Qxd6 31.
Rxc6 1-0

[Event "*** Titled Tuesday Blitz"]
[Site "Chess.com"]
[Date "2018.09.04"]
[Round "5"]
[White "Mistheoretical"]
[Black "b_6"]
[Result "1-0"]
[WhiteElo "2398"]
[BlackElo "2381"]
[TimeControl "180+2"]
[EndTime "14:39:02 PDT"]
[Termination "Mistheoretical won by resignation"]

1. d4 d5 2. Nc3 e6 3. e4 Bb4 4. Qd3 dxe4 5. Qxe4 Nf6 6. Qh4 b6 7.
Be2 Bb7 8. Nf3 Nbd7 9. Bg5 Be7 10. O-O-O O-O 11. Bd3 h6 12. Bxh6 Bxf3 13. gxf3 Nd5 14.
Qg3 g5 15. Nxd5 exd5 16. h4 c5 17. hxg5 Re8 18. g6 f6 19. g7 f5 20. Bxf5 Nf6 21.
Be6+ 1-0

[Event "*** Titled Tuesday Blitz"]
[Site "Chess.com"]
[Date "2018.09.04"]
[Round "5"]
[White "farzadbfd"]
[Black "PaulfromSPb"]
[Result "1-0"]
[WhiteElo "2542"]
[BlackElo "2624"]
[TimeControl "180+2"]
[EndTime "14:39:06 PDT"]
[Termination "farzadbfd won by resignation"]

1. e4 c5 2. Nc3 Nc6 3. g3 g6 4. Bg2 Bg7 5. d3 d6 6. Be3 Nd4 7. Qd2 Rb8 8. Nd1 h5 9. c3 Nc6 10. h3 b5 11. Ne2 b4 12. O-O bxc3 13. bxc3 e5 14. f4 Nge7 15. f5 gxf5 16. exf5 f6 17. g4 hxg4 18. hxg4 Ba6 19. Ng3 Rh4 20. Nf2 Nd4 21.
cxd4 cxd4 22. Bg5 Rh7 23. Nh5 fxg5 24. f6 Rxh5 25. fxe7 Qxe7 26. gxh5 Qe6 27. Qxg5 Bh6 28. Qg6+ Qxg6 29. hxg6 Be3 30. Be4 Ke7 31. Kg2 Rb2 32. Rab1 Rc2 33. Rb8 d5 34. g7 dxe4 35. g8=Q 1-0

[Event "*** Titled Tuesday Blitz"]
[Site "Chess.com"]
[Date "2018.09.04"]
[Round "5"]
[White "chito89"]
[Black "timator"]
[Result "0-1"]
[WhiteElo "2679"]
[BlackElo "2411"]
[TimeControl "180+2"]
[EndTime "14:39:12 PDT"]
[Termination "timator won by resignation"]

1. e4 c5 2. Nf3 Nc6 3. Bb5 e6 4.
c3 Nge7 5. O-O a6 6. Be2 d5 7.
exd5 Nxd5 8. d4 Be7 9. dxc5 Bxc5 10. Nbd2 O-O 11. Nb3 Be7 12. Re1 b6 13. c4 Nf6 14.
Be3 Qc7 15. h3 Bb7 16. Rc1 Rfd8 17. Qc2 Nb4 18. Qb1 Be4 19. Qa1 Nc2 20. Rxc2 Bxc2 21. Nbd4 Be4 22. b3 e5 23. Nxe5 Qxe5 24. Nc6 Qxa1 25.
Nxe7+ Kf8 26. Rxa1 Kxe7 27. Bxb6 Rdc8 28. Re1 Kf8 29.
Bg4 Re8 30. Bc5+ Kg8 31. f3 Nxg4 32. fxe4 Ne5 33. Rd1 Rad8 0-1

[Event "*** Titled Tuesday Blitz"]
[Site "Chess.com"]
[Date "2018.09.04"]
[Round "5"]
[White "SaraciNderim"]
[Black "Pilopa"]
[Result "1-0"]
[WhiteElo "2497"]
[BlackElo "2316"]
[TimeControl "180+2"]
[EndTime "14:39:28 PDT"]
[Termination "SaraciNderim won by checkmate"]

1. e4 Nc6 2. Nf3 d6 3. h3 Nf6 4. Nc3 g6 5. d4 Bg7 6. Be3 O-O 7. Qd2 a6 8. O-O-O b5 9. d5 Nb8 10. a3 c6 11. Bh6 cxd5 12. exd5 Nbd7 13. h4 Nb6 14. h5 Bf5 15. hxg6 Bxg6 16. Bxg7 Kxg7 17.
Qh6+ Kg8 18. Ng5 Rc8 19. Bd3 Ng4 20. Qh4 h5 21. f3 Rxc3 22. fxg4 Na4 23. bxc3 Qa5 24.
gxh5 Bxd3 25. Rxd3 Nxc3 26. Kb2 b4 27. Qxb4 Na4+ 28.
Ka2 Nc3+ 29. Qxc3 Qa4 30. Rg3 f6 31. Ne6+ Kf7 32. Rg7+ Ke8 33. Qc8# 1-0

[Event "*** Titled Tuesday Blitz"]
[Site "Chess.com"]
[Date "2018.09.04"]
[Round "5"]
[White "ulises2013"]
[Black "Alexander_Moskalenko"]
[Result "1-0"]
[WhiteElo "2588"]
[BlackElo "2800"]
[TimeControl "180+2"]
[EndTime "14:39:41 PDT"]
[Termination "ulises2013 won by resignation"]

1. e4 c5 2. g3 d6 3. Bg2 Nf6 4. Ne2 g6 5. O-O Bg7 6. c3 O-O 7. d4 Nc6 8. h3 Bd7 9. Be3 Qc8 10. Kh2 b6 11. Na3 a6 12. Nc4 Rb8 13. d5 Na5 14.
Nxa5 bxa5 15. Qd2 a4 16. f4 Bb5 17. e5 Nd7 18. e6 fxe6 19. dxe6 Nb6 20. b3 Bc6 21. f5 Bxg2 22. Kxg2 Rxf5 23. Rxf5 gxf5 24. Nf4 Qc6+ 25. Kh2 Qe4 26. Re1 axb3 27. axb3 Qxe3 28. Rxe3 c4 29. b4 Bh6 30. Rf3 Rd8 31. Qd4 Na4 32. Nd5 Bg7 33. Qh4 Re8 34. Qh5 Rf8 35. Nxe7+ Kh8 36.
Ng6+ Kg8 37. Nxf8 Bxf8 38. Qf7+ 1-0

[Event "*** Titled Tuesday Blitz"]
[Site "Chess.com"]
[Date "2018.09.04"]
[Round "5"]
[White "Blagorod"]
[Black "Xeniya2005"]
[Result "1-0"]
[WhiteElo "2007"]
[BlackElo "1989"]
[TimeControl "180+2"]
[EndTime "14:39:46 PDT"]
[Termination "Blagorod won by checkmate"]

1. e4 c5 2. Nc3 Nc6 3. g3 e6 4.
Bg2 Nge7 5. d3 g6 6. Be3 d6 7.
f4 Bg7 8. Nf3 O-O 9. O-O f5 10.
e5 b6 11. exd6 Qxd6 12. Nb5 Qb8 13. Ne5 Bxe5 14. fxe5 Bb7 15. Nd6 Nd5 16. Bh6 Rd8 17. c4 Nde7 18. Qd2 Nc8 19. Nxb7 Qxb7 20. Qg5 N8e7 21.
Qf6 Nd5 22. cxd5 exd5 23. g4 fxg4 24. Bxd5+ Rxd5 25. Qf8+ Rxf8 26. Rxf8# 1-0

[Event "*** Titled Tuesday Blitz"]
[Site "Chess.com"]
[Date "2018.09.04"]
[Round "5"]
[White "Pudor"]
[Black "tteshan"]
[Result "1/2-1/2"]
[WhiteElo "2221"]
[BlackElo "2053"]
[TimeControl "180+2"]
[EndTime "14:39:50 PDT"]
[Termination "Game drawn by repetition"]

1. d4 d5 2. c4 dxc4 3. Nf3 Nf6 4. e3 Bg4 5. Bxc4 e6 6. O-O a6 7. Nc3 Nc6 8. b3 Bd6 9. Bb2 O-O 10. Be2 Qe7 11. e4 Bxf3 12. Bxf3 Rad8 13. Ne2 e5 14. d5 Na7 15. Qc2 c6 16. dxc6 Nxc6 17. Rfd1 Ba3 18.
h3 Bxb2 19. Qxb2 g6 20. a3 Rxd1+ 21. Rxd1 Rd8 22. Rxd8+ Qxd8 23. Qc2 Nd4 24. Nxd4 exd4 25. e5 Nd5 26. Qc4 Nc3 27. Bxb7 a5 28. e6 fxe6 29. Qxe6+ Kg7 30. Qe5+ Kh6 31. Qf4+ Kg7 32. Qe5+ Kh6 33. Qf4+ Kg7 34. Qe5+ 1/2-1/2

[Event "*** Titled Tuesday Blitz"]
[Site "Chess.com"]
[Date "2018.09.04"]
[Round "5"]
[White "Thjop"]
[Black "Nowaybacksasha"]
[Result "0-1"]
[WhiteElo "2539"]
[BlackElo "2810"]
[TimeControl "180+2"]
[EndTime "14:39:53 PDT"]
[Termination "Nowaybacksasha won by resignation"]

1. e4 c5 2. Nf3 d6 3. d4 cxd4 4. Nxd4 Nf6 5. Nc3 a6 6. g3 e6 7. Bg2 Be7 8. O-O O-O 9. f4 Nc6 10. Be3 Qc7 11. Qe2 Re8 12. Rad1 Nxd4 13. Bxd4 e5 14.
Be3 Bg4 15. Bf3 Be6 16. Qf2 b5 17. f5 Bc4 18. Rfe1 b4 19. Na4 Rab8 20. b3 Bb5 21. Nb6 Bc6 22. Nd5 Bxd5 23. exd5 Rec8 24. Rd2 Qa5 25. g4 e4 26. Be2 Nxd5 27. Bc4 Nxe3 28. Qxe3 d5 29. Rxd5 Bc5 30. Rxc5 Qxc5 31. Qxc5 Rxc5 32.
Rxe4 Kf8 33. Kf2 a5 34. Ke3 Rcc8 35. Bd3 Re8 36. h3 h6 37. Kd4 Rxe4+ 38. Bxe4 Ke7 39. h4 Kf6 40. Kd5 Re8 41. Bd3 Re3 42. Kc5 Rg3 43.
g5+ hxg5 44. hxg5+ Rxg5 45. Kb5 Rxf5+ 46. Bxf5 Kxf5 47.
Kxa5 g5 48. Kxb4 g4 49. a4 g3 50. a5 g2 51. a6 g1=Q 52. c4 Qb6+ 0-1

[Event "*** Titled Tuesday Blitz"]
[Site "Chess.com"]
[Date "2018.09.04"]
[Round "5"]
[White "ChainsOfFantasia"]
[Black "Vegan4future"]
[Result "1-0"]
[WhiteElo "2380"]
[BlackElo "2403"]
[TimeControl "180+2"]
[EndTime "14:39:53 PDT"]
[Termination "ChainsOfFantasia won by checkmate"]

1. d4 Nf6 2. c4 g6 3. Nf3 Bg7 4. g3 O-O 5. Bg2 d6 6. O-O a6 7. Nc3 Nc6 8. Bf4 Rb8 9. Rc1 h6 10. Qd2 g5 11. Be3 Bf5 12. d5 Ne5 13. b3 Ne4 14.
Nxe4 Bxe4 15. Nxe5 Bxg2 16. Nxf7 Rxf7 17. Kxg2 Qd7 18. f4 g4 19. Bd4 Bxd4 20. Qxd4 c5 21. Qd3 Kg7 22. e4 b5 23. e5 Qe8 24. Qe2 h5 25. Rce1 Qf8 26. h3 gxh3+ 27. Kxh3 Rf5 28. exd6 exd6 29. Qb2+ Kg8 30. Re6 bxc4 31. Rfe1 cxb3 32. Rg6+ Kh7 33. Ree6 bxa2 34. Qxa2 Rb7 35. Qc2 Rg7 36. Rh6+ Kg8 37. Qe4 c4 38. Re8 c3 39. Qe6+ Rgf7 40.
Rxf8+ Kxf8 41. Rh8+ Kg7 42. Qh6# 1-0

[Event "*** Titled Tuesday Blitz"]
[Site "Chess.com"]
[Date "2018.09.04"]
[Round "5"]
[White "novocane"]
[Black "Karina_Oparina"]
[Result "0-1"]
[WhiteElo "2129"]
[BlackElo "2183"]
[TimeControl "180+2"]
[EndTime "14:40:00 PDT"]
[Termination "Karina_Oparina won by checkmate"]

1. d4 Nf6 2. c4 e6 3. Nc3 Bb4 4.
e3 c5 5. Ne2 cxd4 6. exd4 d5 7.
a3 Bxc3+ 8. Nxc3 dxc4 9. Bxc4 O-O 10. O-O Nbd7 11. Re1 Nb6 12. Ba2 h6 13. Bf4 Nbd5 14. Be5 b6 15. Qf3 Bb7 16. Qh3 Rc8 17. Ne4 Rc2 18.
Bb1 Rxb2 19. Nxf6+ Nxf6 20. Qd3 Re8 21. Qg3 Bd5 22.
h4 Rb3 23. Qf4 Nh5 24. Qg4 Nf6 25. Qf4 Nh5 26. Qg4 Nf6 27. Qf4 Qe7 28. g4 Nd7 29. g5 Nxe5 30. Rxe5 Rh3 31. Bf5 Rh1# 0-1

[Event "*** Titled Tuesday Blitz"]
[Site "Chess.com"]
[Date "2018.09.04"]
[Round "5"]
[White "alpasya2009"]
[Black "Vuk2000"]
[Result "1-0"]
[WhiteElo "2466"]
[BlackElo "2704"]
[TimeControl "180+2"]
[EndTime "14:40:03 PDT"]
[Termination "alpasya2009 won by resignation"]

1. d4 e6 2. c4 Nf6 3. Nf3 b6 4. g3 Ba6 5. Qa4 c5 6. dxc5 Bxc5 7. Bg2 Bb7 8. O-O O-O 9. Nc3 Na6 10. Rd1 Qc8 11. Bf4 Be7 12. Ng5 Bxg2 13. Kxg2 Qb7+ 14.
f3 h6 15. Nge4 Nxe4 16. Nxe4 Rfd8 17. Bd6 Bf8 18. Bxf8 Rxf8 19. Rxd7 Qc8 20. Rad1 Nc5 21. Nxc5 Qxc5 22. b3 a6 23. R1d4 b5 24. Qa5 Rfc8 25. b4 Qc6 26. c5 Rcb8 27. Rd8+ Kh7 28. R4d6 Qb7 29. R8d7 Qc8 30. Rxf7 Qg8 31. Rdd7 Rf8 32.
Qc7 Rxf7 33. Rxf7 Kh8 34. Re7 Rc8 35. Qd7 e5 36. Rxg7 Qxg7 37. Qxc8+ Kh7 38. c6 e4 39. Qd7 1-0

[Event "*** Titled Tuesday Blitz"]
[Site "Chess.com"]
[Date "2018.09.04"]
[Round "5"]
[White "jeetjain"]
[Black "Aklanion"]
[Result "0-1"]
[WhiteElo "2298"]
[BlackElo "2141"]
[TimeControl "180+2"]
[EndTime "14:40:03 PDT"]
[Termination "Aklanion won by resignation"]

1. e4 c5 2. Nf3 d6 3. Bb5+ Bd7 4. Bxd7+ Qxd7 5. O-O Nc6 6. b3 g6 7. Bb2 Nf6 8. d3 Bg7 9. Nc3 O-O 10. Ng5 h6 11. Nh3 Rab8 12. f4 b5 13. Ne2 c4 14. Rb1 d5 15. e5 Ng4 16. Qd2 cxd3 17. cxd3 d4 18. Rfc1 h5 19. Ng5 Rb6 20. Nf3 Rd8 21. Nexd4 Nxd4 22. Bxd4 Rbb8 23. h3 Nh6 24. Bc5 Nf5 25. d4 h4 26. Qa5 Rb7 27. Rb2 Bh6 28. Qd2 Qd5 29. Rbc2 Rbd7 30. Rd1 Qe4 31. Re1 Qxf4 32. Qxf4 Bxf4 33.
Re4 Be3+ 34. Kf1 Ng3+ 35. Ke1 Nxe4 36. Ba3 Bxd4 37. Nxd4 Rxd4 38. Rc7 R8d7 39. Rc8+ Kg7 40. Ke2 Ng3+ 41. Kf3 Re4 42. Rc3 Rxe5 43. Bc1 Rf5+ 44.
Kg4 Rd4+ 0-1

[Event "*** Titled Tuesday Blitz"]
[Site "Chess.com"]
[Date "2018.09.04"]
[Round "5"]
[White "MITerryble"]
[Black "Abund"]
[Result "1-0"]
[WhiteElo "2749"]
[BlackElo "2447"]
[TimeControl "180+2"]
[EndTime "14:40:09 PDT"]
[Termination "MITerryble won by checkmate"]

1. d4 Nf6 2. Nf3 e6 3. c4 b6 4. g3 Ba6 5. Qa4 c5 6. Bg2 Bb7 7. dxc5 bxc5 8. O-O Qb6 9. Nc3 Be7 10. Bf4 O-O 11.
Rfd1 d6 12. Qb5 Rd8 13. Rd2 Nc6 14. Rad1 Ne8 15. Qxb6 axb6 16. b3 Ra6 17. Nb5 d5 18. cxd5 exd5 19. Ne5 g5 20. Bxd5 Rxd5 21. Rxd5 gxf4 22.
Rd7 Bf6 23. Nxf7 Bc8 24. Nh6+ Kh8 25. Rf7 Bg7 26. Nd6 Bxh6 27. Nxe8 Be6 28. Rf6 Bg4 29. Rxh6 Nd4 30. f3 Nxe2+ 31. Kf2 Rxa2 32. fxg4 Nc3+ 33. Ke1 Nxd1 34. Kxd1 f3 35. Rf6 Kg8 36. Rxf3 Rxh2 37. Nf6+ Kg7 38. Nd7 Rh6 39. Kc2 Re6 40. Kc3 Rg6 41.
Rf4 h5 42. gxh5 Rxg3+ 43. Kc4 b5+ 44. Kxc5 Rxb3 45. Rg4+ Kf7 46. Rg6 Rh3 47. Ne5+ Kf8 48. h6 Rh5 49. Kd6 b4 50. Ke6 Rh1 51. Nd7+ Ke8 52.
Rg8# 1-0

[Event "*** Titled Tuesday Blitz"]
[Site "Chess.com"]
[Date "2018.09.04"]
[Round "5"]
[White "gmjlh"]
[Black "lavr92"]
[Result "1-0"]
[WhiteElo "2714"]
[BlackElo "2595"]
[TimeControl "180+2"]
[EndTime "14:40:10 PDT"]
[Termination "gmjlh won by resignation"]

1. d4 d5 2. Nf3 Nf6 3. c4 c6 4. e3 Bg4 5. h3 Bh5 6. Nbd2 e6 7. g4 Bg6 8. Ne5 Nfd7 9. Nxg6 hxg6 10.
Qc2 Be7 11. Bg2 Na6 12. a3 Nc7 13. O-O e5 14. cxd5 Nxd5 15. dxe5 Nxe5 16. Nc4 Nxc4 17. Qxc4 Nb6 18. Qb3 O-O 19. Rd1 Qc7 20. Bd2 Bf6 21.
Ba5 Rad8 22. Qc2 Qe5 23. Bc3 Qc5 24. Rxd8 Rxd8 25. Rc1 Bxc3 26. Qxc3 Qxc3 27. Rxc3 Rd1+ 28. Bf1 Rd2 29. Rb3 g5 30. a4 Nxa4 31. Rxb7 Nxb2 32. Rxa7 Nd1 33. Bc4 Rxf2 34. Rd7 Nxe3 35. Rd8+ 1-0